General information
- name: grudge
- type: Custom game
- host: 3DGAYWORLD
- saver: 3DGAYWORLD
map: TurtleRock
- players: 2
- length: 18:01
- speed: Fast
- version: 1.21 W3XP
- replay type: Public
» download(60 KB)
Players
team 1 (winner)
3DGAYWORLD (
teal | 74 APM | 1338 actions | 18:01)
4 Blademaster
2 Wind Walk
2 Critical Strike
3 Shadow Hunter
2 Healing Wave
1 Hex
» actions
| Assign group hotkey | 3 | |
| Basic commands | 122 | |
| Build / train | 58 | |
| Enter build submenu | 25 | |
| Enter hero's abilities submenu | 8 | |
| Give item / drop item | 7 | |
| Remove unit from queue | 1 | |
| Right click | 543 | |
| Select / deselect | 470 | |
| Use ability | 101 | |
1338 total
» units
| Peon | 12 | |
| Grunt | 4 | |
| Raider | 4 | |
| Kodo Beast | 1 | |
21 total
» upgrades
| Armor | 2 | |
| Berserker Strength | 1 | |
| Ensnare | 1 | |
| War Drums Damage Increase | 1 | |
| Pillage | 1 | |
| Melee Weapons | 2 | |
8 total
» buildings
| Altar of Storms | 1 | |
| Orc Burrow | 4 | |
| War Mill | 1 | |
| Voodoo Lounge | 1 | |
| Barracks | 1 | |
| Stronghold | 2 | |
| Fortress | 1 | |
| Watch Tower | 9 | |
| Beastiary | 2 | |
| Great Hall | 1 | |
23 total
» build order
00:05 Altar of Storms
00:07 Orc Burrow
01:04 Orc Burrow
01:26 War Mill
01:43 Voodoo Lounge
02:14 Barracks
03:00 Stronghold
03:00 Stronghold
05:01 Orc Burrow
05:35 Orc Burrow
07:13 Fortress
07:18 Watch Tower
07:20 Watch Tower
07:45 Beastiary
08:29 Beastiary
12:12 Great Hall
12:15 Watch Tower
12:33 Watch Tower
14:01 Watch Tower
14:03 Watch Tower
15:12 Watch Tower
15:14 Watch Tower
16:21 Watch Tower
» items
| Healing Salve | 4 | |
| Lesser Clarity Potion | 8 | |
| Scroll of Speed | 1 | |
| Potion of Mana | 1 | |
| Orb of Lightning | 1 | |
15 total
team 2 (loser)
GapInTheTooth (
red | 71 APM | 1271 actions | 17:59)
2 Mountain King
1 Storm Bolt
1 Bash
4 Blood Mage
2 Flame Strike
2 Banish
» actions
| Assign group hotkey | 24 | |
| Basic commands | 63 | |
| Build / train | 57 | |
| ESC pressed | 14 | |
| Enter build submenu | 28 | |
| Enter hero's abilities submenu | 6 | |
| Right click | 556 | |
| Select / deselect | 380 | |
| Select group hotkey | 75 | |
| Use ability | 68 | |
1271 total
» units
» upgrades
| Masonry | 3 | |
| Long Rifles | 1 | |
| Lumber Harvesting | 1 | |
| Gunpowder | 3 | |
| Magic Sentry | 1 | |
| Armor | 2 | |
| Cloud | 1 | |
12 total
» buildings
| Altar of Kings | 1 | |
| Scout Tower | 8 | |
| Farm | 10 | |
| Blacksmith | 1 | |
| Arcane Tower | 6 | |
| Barracks | 1 | |
| Keep | 1 | |
| Arcane Vault | 1 | |
| Lumber Mill | 1 | |
| Arcane Sanctum | 1 | |
| Guard Tower | 2 | |
| Castle | 1 | |
| Gryphon Aviary | 1 | |
35 total
» build order
00:08 Altar of Kings
00:11 Scout Tower
00:18 Farm
00:32 Blacksmith
01:24 Arcane Tower
01:49 Barracks
02:12 Scout Tower
02:25 Farm
02:25 Farm
02:29 Scout Tower
03:36 Arcane Tower
03:38 Keep
04:12 Arcane Tower
04:32 Scout Tower
04:34 Farm
04:46 Arcane Vault
05:11 Lumber Mill
05:58 Farm
06:01 Arcane Tower
06:56 Arcane Sanctum
07:14 Farm
08:09 Farm
08:16 Scout Tower
08:17 Scout Tower
09:50 Guard Tower
11:10 Castle
12:09 Scout Tower
12:11 Farm
13:20 Guard Tower
13:22 Arcane Tower
13:29 Farm
13:30 Farm
15:01 Gryphon Aviary
16:23 Scout Tower
16:58 Arcane Tower
» items
| Scroll of Regeneration | 2 | |
| Staff of Sanctuary | 1 | |
| Scroll of Town Portal | 2 | |
5 total
Chat log
(00:12 / All) 3DGAYWORLD: ever heard of the band Holy Fuck?
(00:20 / All) GapInTheTooth: gl hf manner game
(00:27 / All) 3DGAYWORLD: you too
(03:06 / All) 3DGAYWORLD: you know my strat too well
(17:53 / All) GapInTheTooth: stop maphackin
(17:56 / All) 3DGAYWORLD: haaha
(17:57 / All) 3DGAYWORLD: Im not
(17:58 / All) GapInTheTooth: all i got to say